 Dungeon Crawl Stone Soup version 0.30.1-4-g462c640d31 (webtiles) character file.

Game seed: 4886518307800412099

63 chipoyan the Sneak (level 4, -1/34 HPs)
             Began as a Gnoll Wanderer on Aug 15, 2023.
             Slain by a gnoll
             ... wielding a +0 halberd
              (14 damage)
             ... on level 2 of the Dungeon.
             The game lasted 00:05:21 (1478 turns).

chipoyan the Sneak (Gnoll Wanderer)                 Turns: 1478, Time: 00:05:22

Health: -1/34      AC:  2    Str:  9    XL:     4   Next: 10%
Magic:  4/11       EV:  6    Int: 14    God:
Gold:   58         SH:  0    Dex: 13    Spells: 11/13 levels left

rFire   . . .        a - +2 dagger
rCold   . . .        (no shield)
rNeg    . . .        e - +0 robe
rPois   .            (no helmet)
rElec   .            (no cloak)
rCorr   .            (no gloves)
SInv    .            (no boots)
Will    .....        (no amulet)
Stlth   ++++         (no ring)
HPRegen 0.25/turn    (no ring)
MPRegen 0.12/turn

%: no passive effects
@: held
A: fangs 1, strong nose, distributed training
a: no special abilities


You were on level 2 of the Dungeon.
You visited 1 branch of the dungeon, and saw 2 of its levels.

You collected 58 gold pieces.

Inventory:

Hand Weapons
 a - a +2 dagger (weapon)
Armour
 e - a +0 robe (worn)
Scrolls
 b - a scroll of blinking
 c - a scroll of fog
 f - a scroll of enchant weapon {unknown}
 g - a scroll of poison {unknown}
 h - a scroll of identify
Potions
 d - a potion of curing
 i - a potion of flight {unknown}
 j - a potion of degeneration


   Skills:
 + Level 2.7 Fighting
 + Level 1.1 Short Blades
 + Level 1.1 Long Blades
 + Level 1.1 Axes
 + Level 1.1 Maces & Flails
 + Level 1.1 Polearms
 + Level 1.1 Staves
 + Level 1.1 Ranged Weapons
 + Level 1.1 Throwing
 + Level 1.1 Armour
 + Level 1.1 Dodging
 + Level 7.8 Stealth
 + Level 1.1 Shields
 + Level 1.1 Unarmed Combat
 + Level 5.0 Spellcasting
 + Level 0.8 Conjurations
 + Level 0.8 Hexes
 + Level 0.8 Summonings
 + Level 0.8 Necromancy
 + Level 0.8 Translocations
 + Level 0.8 Transmutations
 + Level 0.8 Fire Magic
 + Level 0.8 Ice Magic
 + Level 3.8 Air Magic
 + Level 0.8 Earth Magic
 + Level 0.8 Poison Magic
 + Level 1.2 Invocations
 + Level 2.7 Evocations


You had 11 spell levels left.
You knew the following spells:

 Your Spells              Type           Power      Damage    Failure   Level
a - Shock                 Conj/Air       40%        1d5       7%          1
b - Kiss of Death         Conj/Necr      24%        2d7       12%         1

Your spell library contained the following spells:

 Spells                   Type           Power      Damage    Failure   Level
 Vhi's Electric Charge    Tloc/Air       20%        N/A       21%         3
 Confusing Touch          Hex            6%         N/A       36%         3
 Dispel Undead            Necr           6%         3d8       77%         4


Dungeon Overview and Level Annotations

Branches:
Dungeon (2/15)

Altars:


Innate Abilities, Weirdness & Mutations

You have very sharp teeth.
Your uncanny sense of smell can sniff out nearby items.
Your experience applies equally to all skills.


Message History

Aiming: Shock (safe; 7% risk of failure)
Press: ? - help, Shift-Dir - straight line, p - gnoll The zap hits the gnoll.
You kill the gnoll!
The zap hits the gnoll.
The gnoll is moderately wounded.
You have reached level 4!
You feel stronger.
Casting: Shock (safe; 7% risk of failure)
Confirm with . or Enter, or press ? or * to list all spells.
Aiming: Shock (safe; 7% risk of failure)
Press: ? - help, Shift-Dir - straight line The zap hits the gnoll.
The gnoll is moderately wounded.
The zap hits the gnoll.
The gnoll is heavily wounded.
Casting: Shock (safe; 7% risk of failure)
Confirm with . or Enter, or press ? or * to list all spells.
Aiming: Shock (safe; 7% risk of failure)
Press: ? - help, Shift-Dir - straight line The zap misses the gnoll.
Casting: Shock (safe; 7% risk of failure)
Confirm with . or Enter, or press ? or * to list all spells.
Aiming: Shock (safe; 7% risk of failure)
Press: ? - help, Shift-Dir - straight line The zap hits the gnoll.
The gnoll is heavily wounded.
A gnoll comes into view. It is wielding a +0 flail.
The gnoll hits you from afar with a +0 halberd!
A ball python comes into view.
You struggle against the net.
The gnoll barely misses you.
You struggle against the net.
The gnoll hits you from afar with a +0 halberd!
Your magical contamination has completely faded away.
Unknown command.
As you read the scroll labelled LAETIAWKUN, it crumbles to dust.
It is a scroll of identify.
j - a potion of degeneration The gnoll hits you from afar with a +0 halberd!
You die...

#....................#)
#...........##......#...
....)...................
#......................
#................#.....
#>.......#.##...#.....
#........#.##.#..#....
#.##..........##.#....
#.@.........#....##
#.....#####+###..
$g.....# ∆∆ #.
#........# ∆∆
..)##.....# .### #...?.#
..?.... ....[.##


You could see a gnoll.

Vanquished Creatures
  A gnoll (D:2)
  An adder (D:1)
  2 worms (D:2)
  A bat (D:2)
  An endoplasm (D:1)
  2 giant cockroaches
  5 goblins
  5 hobgoblins
  4 kobolds
  4 quokkas (D:1)
  2 ball pythons
  2 frilled lizards (D:2)
  7 rats
37 creatures vanquished.

Notes
Turn   | Place    | Note
-------+----------+-------------------------------------------
     0 | D:1      | chipoyan the Gnoll Wanderer began the quest for the Orb.
     0 | D:1      | chipoyan set off with the following items: a +2 dagger, a
                  | scroll of blinking, a scroll of fog, a potion of curing, a
                  | +0 robe; and the following spell memorised: Shock; and the
                  | following spells available to memorise: Vhi's Electric
                  | Charge.
     0 | D:1      | Reached XP level 1. HP: 17/17 MP: 6/6
   179 | D:1      | Reached XP level 2. HP: 23/23 MP: 4/7
   854 | D:1      | Reached skill level 5 in Spellcasting
   854 | D:1      | Reached XP level 3. HP: 25/28 MP: 7/9
  1106 | D:1      | Reached skill level 1 in Invocations
  1205 | D:2      | Learned a level 1 spell: Kiss of Death
  1295 | D:2      | Reached skill level 1 in Short Blades
  1295 | D:2      | Reached skill level 1 in Long Blades
  1295 | D:2      | Reached skill level 1 in Axes
  1295 | D:2      | Reached skill level 1 in Maces & Flails
  1295 | D:2      | Reached skill level 1 in Polearms
  1295 | D:2      | Reached skill level 1 in Staves
  1295 | D:2      | Reached skill level 1 in Ranged Weapons
  1295 | D:2      | Reached skill level 1 in Throwing
  1295 | D:2      | Reached skill level 1 in Armour
  1295 | D:2      | Reached skill level 1 in Dodging
  1295 | D:2      | Reached skill level 1 in Shields
  1295 | D:2      | Reached skill level 1 in Unarmed Combat
  1473 | D:2      | Reached XP level 4. HP: 34/34 MP: 6/11
  1478 | D:2      | Slain by a gnoll

Illustrated notes

Levels and vault maps discovered:
D:1:      tarquinn_simple_flora_water_b, layout_loops_ring, serial_rivers,
          chequers_serial_rivers_room_a, chequers_serial_rivers_micro_b,
          chequers_serial_rivers_micro_b, chequers_serial_rivers_marsh,
          chequers_serial_rivers_marsh, minmay_misc_feat_square
D:2:      layout_rooms, supply_closet_lemuel, minmay_hedge_maze,
          skrybe_limestone_x

Skill      XL: |  1  2  3 |
---------------+----------+-----
Spellcasting   | 5 |  5.0
Invocations    | 1 |  1.2
Short Blades   | 1 |  1.1
Long Blades    | 1 |  1.1
Axes           | 1 |  1.1
Maces & Flails | 1 |  1.1
Polearms       | 1 |  1.1
Staves         | 1 |  1.1
Ranged Weapons | 1 |  1.1
Throwing       | 1 |  1.1
Armour         | 1 |  1.1
Dodging        | 1 |  1.1
Shields        | 1 |  1.1
Unarmed Combat | 1 |  1.1
Fighting       | |  2.7
Stealth        | |  7.8
Conjurations   | |  0.8
Hexes          | |  0.8
Summonings     | |  0.8
Necromancy     | |  0.8
Translocations | |  0.8
Transmutations | |  0.8
Fire Magic     | |  0.8
Ice Magic      | |  0.8
Air Magic      | |  3.8
Earth Magic    | |  0.8
Poison Magic   | |  0.8
Evocations     | |  2.7

Action                     |  1- 3 |  4- 6 || total
---------------------------+-------+-------++-------
  Melee: Dagger            |    51 |       ||    51
         Bite              |     2 |       ||     2
   Cast: Shock             |    59 |     3 ||    62
    Use: Scroll            |       |     1 ||     1
   Stab: Sleeping          |     2 |       ||     2
 Armour: Robe              |     9 |       ||     9
  Dodge: Dodged            |    20 |     1 ||    21
